 Dungeon Crawl Stone Soup version 0.30.1-3-gfc49f6343a (webtiles) character file.

Game seed: 7816943415489964177

941 Peloso the Slasher (level 7, -1/62 HPs)
             Began as a Minotaur Fighter on Aug 7, 2023.
             Killed by nerve-wracking pain
             ... invoked by Grinder
              (12 damage)
             ... on level 5 of the Dungeon.
             The game lasted 00:07:24 (3893 turns).

Peloso the Slasher (Minotaur Fighter)               Turns: 3893, Time: 00:07:25

Health: -1/62      AC: 13    Str: 20    XL:     7   Next: 88%
Magic:  6/6        EV: 10    Int:  5    God:
Gold:   189        SH:  5    Dex: 12    Spells: 6/6 levels left

rFire   . . .        a - +3 scimitar
rCold   . . .        d - +0 buckler
rNeg    . . .        b - +0 scale mail
rPois   .            (helmet restricted)
rElec   .            c - +0 cloak
rCorr   +            (no gloves)
SInv    .            (no boots)
Will    .....        (no amulet) Stlth
                     l - ring of resist corrosion
HPRegen 0.30/turn    q - +4 ring of protection
MPRegen 0.10/turn

%: no passive effects
@: no status effects
A: horns 2, retaliatory headbutt
a: no special abilities


You were on level 5 of the Dungeon.
You visited 1 branch of the dungeon, and saw 5 of its levels.

You collected 189 gold pieces.

Inventory:

Hand Weapons
 a - a +3 scimitar (weapon)
Missiles
 x - a throwing net (quivered)
Armour
 b - a +0 scale mail (worn)
 c - a +0 cloak (worn)
 d - a +0 buckler (worn)
Jewellery
 l - a ring of resist corrosion (left hand)
 q - a +4 ring of protection (right hand)
 r - an amulet of magic regeneration
 z - a ring of magical power
Scrolls
 e - a scroll of enchant armour
 h - a scroll of amnesia {unknown}
 i - 2 scrolls of enchant weapon
 j - a scroll of blinking
 k - 4 scrolls of teleportation
 m - 2 scrolls of fog
 p - a scroll of summoning
 t - a scroll of silence {unknown}
 u - a scroll of poison {unknown}
 w - a scroll of identify
 y - a scroll of vulnerability {unknown}
Potions
 f - a potion of berserk rage
 g - 4 potions of might
 n - 2 potions of heal wounds
 o - a potion of curing
 s - 3 potions of mutation
 v - a potion of flight


   Skills:
 + Level 5.7 Fighting
 + Level 7.0 Long Blades
 + Level 6.4 Armour
 + Level 3.1 Dodging
 + Level 0.1 Stealth
 + Level 4.8 Shields


You had 6 spell levels left.
You didn't know any spells.
Your spell library contained the following spells:

 Spells                   Type           Power      Damage    Failure   Level
 Magic Dart               Conj           0%         1d3       86%         1
 Call Imp                 Summ           0%         N/A       95%         2
 Mephitic Cloud           Conj/Pois/Air  0%         N/A       99%         3
 Alistair's Intoxication  Tmut/Pois      0%         N/A       100%        5
 Borgnjor's Vile Clutch   Necr/Erth      0%         N/A       100%        5
 Eringya's Noxious Bog    Tmut/Pois      0%         N/A       100%        6


Dungeon Overview and Level Annotations

Branches:
Dungeon (5/15)
 Temple: D:4-7

Altars:

Shops:
D:1 :   D:3 :

Annotations:
D:5 Grinder


Innate Abilities, Weirdness & Mutations

You have a pair of horns on your head.
You reflexively headbutt those who attack you in melee.


Message History

You closely miss Grinder.
Grinder is lightly wounded.
You block Grinder's attack.
You barely miss Grinder. You headbutt Grinder.
Grinder is lightly wounded.
Grinder blinks!
Grinder blinks!
Grinder gestures at you. You resist with significant effort.
You aren't carrying any items that you can evoke.
Unknown command.
Grinder gestures at you. Pain shoots through your body!
Grinder barely misses you. You furiously retaliate!
You headbutt Grinder! You barely miss Grinder.
Grinder is heavily wounded.
Grinder barely misses you. You furiously retaliate!
You headbutt Grinder. You slash Grinder!
Grinder is almost dead.
Grinder gestures at you. Pain shoots through your body!
You closely miss Grinder.
Grinder is almost dead.
Grinder hits you but does no damage.
You barely miss Grinder.
Grinder is almost dead.
Grinder gestures at you.
You suddenly lose the ability to move!
Grinder hits you.
You writhe in agony.
Grinder hits you.
* * * LOW HITPOINT WARNING * * *
You writhe in agony.
* * * LOW HITPOINT WARNING * * *
Grinder hits you but does no damage.
You can move again.
You closely miss Grinder. You headbutt Grinder, but do no damage.
Grinder is almost dead.
Grinder gestures at you. Pain shoots through your body!
You die...

.+ #.....# .##
#....############
..#######'###.........>.
..#.........#......#....
..+.........#......# .
..#'#####'###......###+#
........................
........................
................@.......
................5.......
############....##+##+##
#....+ #....# #....#
#####


You could see Grinder.

Vanquished Creatures
  2 black bears
  An ogre (D:5)
  A scorpion (D:4)
  4 wights
  2 hounds (D:4)
  2 jellies
  2 iguanas (D:4)
  Jessica (D:2)
  2 orc wizards
  8 adders
  2 worms (D:2)
  A dart slug (D:5)
  4 orcs
  10 endoplasms
  7 giant cockroaches
  12 goblins
  7 hobgoblins
  3 jackals (D:4)
  8 kobolds
  5 quokkas
  5 ball pythons
  6 bats
  4 frilled lizards
  4 rats (D:1)
103 creatures vanquished.

Notes
Turn   | Place    | Note
-------+----------+-------------------------------------------
     0 | D:1      | Peloso the Minotaur Fighter began the quest for the Orb.
     0 | D:1      | Reached XP level 1. HP: 19/19 MP: 0/0
   140 | D:1      | Reached XP level 2. HP: 27/27 MP: 1/1
   269 | D:1      | Found Moiduiss's Book Shoppe.
   720 | D:1      | Reached XP level 3. HP: 33/33 MP: 2/2
  1073 | D:2      | Reached skill level 1 in Dodging
  1352 | D:2      | Noticed Jessica
  1360 | D:2      | Reached skill level 3 in Long Blades
  1369 | D:2      | Killed Jessica
  1370 | D:2      | Reached XP level 4. HP: 21/40 MP: 3/3
  1866 | D:2      | Reached XP level 5. HP: 42/46 MP: 4/4
  2211 | D:3      | Reached skill level 4 in Long Blades
  2238 | D:3      | Found Ymiha's Vocational Training.
  2594 | D:4      | Reached skill level 5 in Armour
  2669 | D:4      | Noticed a black bear
  2681 | D:4      | Killed a black bear
  2682 | D:4      | Reached XP level 6. HP: 45/53 MP: 5/5
  2881 | D:4      | Reached skill level 5 in Long Blades
  2932 | D:4      | Reached skill level 5 in Fighting
  3345 | D:3      | Reached XP level 7. HP: 60/61 MP: 6/6
  3454 | D:4      | Reached skill level 6 in Long Blades
  3657 | D:5      | Entered Level 5 of the Dungeon
  3850 | D:5      | Reached skill level 7 in Long Blades
  3866 | D:5      | Noticed Grinder
  3870 | D:5      | Paralysed by Grinder for 4 turns
  3889 | D:5      | Paralysed by Grinder for 4 turns
  3893 | D:5      | Killed from afar by Grinder

Illustrated notes

Levels and vault maps discovered:
D:1:      dpeg_arrival_lava_temple_mockup, layout_basic, serial_shops,
          nicolae_shop_crystal, amcnicky_mini_corridor_feature,
          minmay_split_cup_small
D:2:      kennysheep_big_flooded_room, layout_rooms, minmay_misc_feat_encased,
          fountainhead, uniq_jessica
D:3:      layout_basic, nicolae_shop_vocational
D:4:      layout_gridville
D:5:      layout_gridville, mainiacjoe_overflow_boulevard, nrook_mini_vaults,
          uniq_grinder, uniq_ijyb

Skill      XL: |  1  2  3  4  5  6  7 |
---------------+----------------------+-----
Armour         | 4 5 6 |  6.4
Shields        | 4 |  4.8
Fighting       | 4 5 |  5.7
Dodging        | 1 2 3 |  3.1
Long Blades    | 3 4 5 7 |  7.0
Stealth        | |  0.1

Action                     |  1- 3 |  4- 6 |  7- 9 || total
---------------------------+-------+-------+-------++-------
  Melee: Long sword        |   104 |   159 |     3 ||   266
         Headbutt          |    12 |    26 |    10 ||    48
         Scimitar          |       |       |    33 ||    33
    Use: Potion            |     3 |     2 |       ||     5
         Scroll            |     2 |     6 |       ||     8
 Armour: Scale mail        |    60 |    88 |    20 ||   168
  Dodge: Dodged            |    46 |   105 |    25 ||   176
  Block: Buckler           |    23 |    54 |     7 ||    84
